Map: Romanticide LE

Players

HeavenBlue

  • Race: Terran Terran
  • League: Diamond

papaya - Winner!

  • Race: Terran Terran

VOD

Have the link to the VOD?

Description

unit control is good

Time

  • Played on: Aug. 23, 2021, 10:56 a.m.
  • Length: 35:15
Show
View Real Time Build Order
Export as new Build Order

HeavenBlue Terran 

Build Orders:  

Get SALT Encoding   

  12  0:00  SCV  
  13  0:12  SCV  
  14  0:19  Supply Depot  
  14  0:24  SCV  
  15  0:40  Barracks  
  15  0:49  SCV  
  16  1:07  SCV  
  17  1:28  Refinery  
  17  1:30  SCV  
  17  1:31  Refinery  
  18  1:33  Marine  
  19  1:42  Supply Depot, SCV  
  20  1:54  SCV  
  21  1:55  Marine  
  22  2:06  SCV  
  23  2:12  Supply Depot  
  23  2:18  Factory  
  23  2:20  Marine  
  24  2:28  SCV  
  25  2:38  Marine  
  26  2:46  Orbital Command  
  26  2:57  Marine  
  23  3:30  Orbital Command  
  23  3:44  Factory Tech Lab  
  21  3:54  Marine  
  22  4:01  Refinery  
  22  4:02  Refinery  
  22  4:05  Supply Depot  
  22  4:11  Siege Tank  
  25  4:30  SCV  
  26  4:42  Command Center, SCV  
  27  5:04  SCV  
  28  5:16  Starport, SCV  
  28  5:20  Engineering Bay  
  29  5:25  Siege Tank  
  29  5:27  Engineering Bay  
  32  5:33  Barracks Tech Lab  
  32  5:35  SCV  
  32  5:47  SCV  
  33  5:56  SCV  
  34  5:58  Supply Depot  
  34  5:59  SCV  
  35  6:08  SCV  
  35  6:09  Siege Tank  
  39  6:15  Liberator  
  37  6:49  Orbital Command  
  37  6:51  SCV  
  38  7:03  SCV  
  38  7:07  Viking  
  40  7:15  SCV  
  37  7:16  Stimpack  
  37  7:17  Marine  
  35  7:23  Missile Turret  
  35  7:27  SCV  
  34  7:30  SCV  
  34  7:35  Marine  
  36  7:39  SCV  
  36  7:42  SCV  
  38  7:51  SCV  
  38  7:54  SCV  
  39  8:01  Missile Turret  
  39  8:03  SCV  
  39  8:04  Viking  
  42  8:10  SCV  
  43  8:15  SCV  
  43  8:16  Fusion Core  
  44  8:22  SCV  
  45  8:28  SCV  
  46  8:34  SCV  
  46  8:36  Refinery  
  46  8:38  Refinery  
  46  8:40  SCV  
  46  8:41  Command Center  
  48  8:46  SCV  
  49  8:50  Starport  
  49  8:52  SCV  
  49  8:53  Starport  
  50  9:04  Weapon Refit  
  50  9:07  Starport Tech Lab  
  50  9:11  Supply Depot  
  48  9:25  Raven  
  48  9:28  Starport Tech Lab  
  50  9:31  Starport Tech Lab  
  50  9:33  Supply Depot  
  50  9:39  SCV x2  
  52  9:51  SCV x2  
  60  9:52  Battlecruiser  
  60  9:56  Supply Depot  
  60  10:03  SCV  
  54  10:40  Orbital Command  
  50  11:15  SCV x2  
  50  11:18  Refinery  
  51  11:21  Refinery  
  51  11:23  Battlecruiser x2  
  63  11:27  SCV x2  
  65  11:39  SCV x2, Orbital Command  
  67  11:42  Missile Turret  
  67  11:45  Battlecruiser  
  73  12:01  SCV, Armory  
  73  12:02  SCV  
  76  12:08  SCV  
  76  12:13  SCV  
  77  12:31  Battlecruiser  
  77  12:35  Refinery  
  83  13:10  Starport Tech Lab  
  83  13:14  Battlecruiser  
  89  13:22  Missile Turret  
  89  13:24  Refinery, SCV x2  
  89  13:25  SCV  
  92  13:32  Supply Depot  
  92  13:36  SCV  
  92  13:39  SCV, Battlecruiser  
  100  13:54  Supply Depot  
  93  14:16  Supply Depot  
  92  14:23  Battlecruiser  
  98  14:29  Starport Tech Lab  
  98  14:34  Orbital Command  
  98  14:40  Supply Depot  
  98  15:03  Supply Depot  
  98  15:26  Supply Depot  
  86  16:20  Battlecruiser  
  86  16:49  SCV x2  
  87  17:01  SCV  
  86  17:24  Battlecruiser  
  76  18:17  Orbital Command  
  76  18:44  Refinery  
  52  18:50  Refinery  
  28  19:20  Barracks  
  28  19:24  Barracks  
  22  19:34  Barracks  
  1  22:43  Orbital Command  
  1  22:45  Command Center  
  1  23:23  SCV  
  2  23:44  Command Center  
  2  23:59  Command Center  
  2  24:54  Orbital Command  
  2  25:01  Command Center  
  2  25:25  Command Center  
Show
View Real Time Build Order
Export as new Build Order

papaya Terran - Winner!

Build Orders:  

Get SALT Encoding   

  12  0:00  SCV  
  13  0:18  Supply Depot, SCV  
  14  0:30  SCV  
  15  0:43  SCV  
  16  0:55  SCV  
  17  1:07  SCV  
  18  1:19  SCV  
  19  1:29  Command Center  
  19  1:31  SCV  
  20  1:35  Refinery  
  20  1:41  Refinery  
  20  1:43  SCV  
  21  1:55  SCV  
  21  1:56  Engineering Bay  
  22  2:07  SCV  
  23  2:13  Barracks  
  23  2:33  Planetary Fortress  
  23  2:49  Supply Depot  
  23  3:08  Planetary Fortress  
  23  3:18  Bunker, SCV  
  23  3:19  Bunker  
  22  3:31  SCV  
  22  3:34  Reaper  
  24  3:38  Factory  
  24  3:43  SCV  
  25  3:55  SCV  
  25  3:59  SCV  
  27  4:08  SCV  
  28  4:12  SCV  
  29  4:20  SCV  
  30  4:24  Factory Tech Lab  
  30  4:25  SCV  
  30  4:29  Starport, Reaper  
  32  4:32  SCV  
  32  4:37  SCV  
  34  4:44  SCV  
  35  4:52  SCV  
  36  5:09  Starport  
  36  5:13  Starport  
  36  5:14  Reaper  
  36  5:17  Starport, SCV  
  36  5:18  Starport Tech Lab  
  36  5:19  Bunker  
  38  5:33  SCV  
  39  5:36  Banshee  
  42  5:47  SCV  
  43  6:01  Starport Tech Lab  
  43  6:03  Starport Tech Lab  
  43  6:17  Starport Tech Lab  
  43  6:19  Banshee  
  46  6:30  Supply Depot  
  46  6:42  Missile Turret x2  
  46  6:43  SCV  
  46  6:52  Supply Depot, Banshee, SCV  
  50  6:55  Reaper  
  50  6:58  Missile Turret  
  50  7:09  Cloaking Field  
  50  7:15  Missile Turret  
  46  7:38  Command Center  
  46  7:48  Banshee  
  46  8:08  Missile Turret  
  46  8:25  Command Center  
  46  8:32  Refinery  
  46  8:34  Refinery  
  46  8:38  Factory  
  46  8:49  SCV  
  47  9:01  SCV  
  47  9:02  Hi-Sec Auto Tracking  
  48  9:04  Planetary Fortress  
  48  9:13  SCV  
  48  9:14  Viking  
  51  9:21  Missile Turret  
  51  9:25  Factory Tech Lab  
  51  9:35  Missile Turret  
  51  9:48  Viking  
  51  9:49  SCV  
  54  9:58  SCV  
  55  10:01  SCV  
  55  10:02  Siege Tank  
  59  10:18  Banshee  
  62  10:24  Missile Turret  
  62  10:26  SCV  
  63  10:34  Siege Tank  
  66  10:38  Missile Turret  
  66  10:44  Banshee x2  
  69  11:03  Missile Turret  
  69  11:05  Missile Turret  
  69  11:15  Armory, Missile Turret  
  66  11:24  Missile Turret  
  66  11:26  Missile Turret  
  66  11:28  Planetary Fortress  
  66  11:32  Missile Turret  
  66  11:42  Viking x2  
  70  11:49  Ghost Academy  
  70  11:50  SCV  
  71  12:02  SCV  
  72  12:14  SCV  
  73  12:17  Missile Turret  
  73  12:21  Command Center  
  73  12:36  Missile Turret  
  73  12:37  Viking x2  
  75  12:42  Supply Depot  
  77  12:57  SCV x2  
  77  13:03  Viking  
  77  13:05  Barracks  
  79  13:09  Viking x2, Missile Turret, SCV x2  
  85  13:31  Refinery  
  85  13:32  SCV x2  
  85  13:33  Thor  
  93  13:35  Refinery  
  93  13:44  SCV x2  
  95  13:59  SCV x3  
  98  14:07  Command Center  
  98  14:11  Planetary Fortress, SCV x2  
  98  14:16  Missile Turret x2  
  100  14:17  Missile Turret  
  100  14:28  Barracks Tech Lab  
  100  14:29  Personal Cloaking  
  100  14:38  Factory Tech Lab  
  100  14:43  Missile Turret  
  100  14:44  Missile Turret  
  100  14:47  Missile Turret  
  100  14:54  Missile Turret  
  100  15:11  Missile Turret  
  100  15:15  SCV  
  100  15:19  Viking x4, SCV x3  
  100  15:31  SCV x2  
  101  15:44  Supply Depot  
  101  15:55  Nuke  
  101  16:06  Viking x3  
  107  16:16  Raven  
  105  16:26  Missile Turret  
  105  16:29  Missile Turret  
  105  16:31  Missile Turret  
  105  16:32  SCV x2  
  107  16:35  Missile Turret  
  107  16:37  Missile Turret  
  107  16:38  Missile Turret  
  107  16:39  Refinery, Missile Turret x3  
  104  16:58  Refinery  
  101  17:02  Viking  
  93  17:23  Missile Turret  
  93  17:33  SCV  
  90  17:44  Command Center  
  78  18:20  Missile Turret  
  78  18:23  Supply Depot x2  
  78  18:25  Missile Turret  
  78  18:26  Supply Depot, SCV  
  78  18:28  Command Center, Viking x2  
  60  18:38  SCV  
  27  20:25  SCV  
  28  20:52  SCV  
  28  20:53  SCV x2  
  31  21:05  SCV  
  33  21:11  SCV x2  
  33  21:15  Missile Turret  
  33  21:18  Refinery  
  34  21:19  Refinery  
  34  21:28  SCV x2  
  36  21:40  SCV x3  
  39  21:52  SCV x2  
  39  21:53  SCV  
  42  22:04  SCV  
  43  22:09  Refinery  
  43  22:10  Refinery  
  43  22:15  Barracks Tech Lab  
  43  22:42  SCV x2  
  46  22:47  SCV, Missile Turret  
  46  22:54  SCV  
  48  23:00  Planetary Fortress  
  47  23:06  Missile Turret  
  47  23:07  Planetary Fortress  
  47  23:21  SCV  
  48  23:29  Raven  
  48  23:33  SCV  
  51  23:45  SCV  
  52  23:59  SCV x3  
  52  24:01  Raven  
  57  24:11  SCV x3  
  57  24:14  Command Center  
  60  24:17  Missile Turret  
  60  24:23  SCV x3  
  63  24:35  SCV x2  
  63  24:36  SCV  
  66  24:47  SCV x2  
  66  24:48  SCV  
  66  24:51  Command Center  
  69  25:04  Viking x2  
  69  25:06  Raven  
  75  25:07  Raven  
  75  25:13  SCV x2  
  79  25:14  SCV  
  80  25:25  SCV x2  
  80  25:26  SCV  
  83  25:44  SCV  
  83  25:45  SCV x2  
  83  25:47  Planetary Fortress  
  86  25:52  Missile Turret  
  86  25:57  Missile Turret x2  
  86  25:59  SCV  
  86  26:00  SCV x2, Missile Turret  
  89  26:04  Missile Turret  
  89  26:15  Raven x2  
  89  26:16  Raven x2  
  97  26:27  Missile Turret  
  97  26:29  SCV x3, Missile Turret  
  100  26:57  Command Center  
  100  27:11  Viking x2  
  100  27:12  Viking x2, Refinery  
  100  27:14  Refinery  
  108  27:18  Missile Turret  
  108  27:23  Ghost  
  108  27:26  Command Center  
  110  27:30  Command Center  
  110  27:36  Ghost Academy  
  110  27:38  Ghost Academy  
  110  27:46  SCV  
  110  27:47  SCV x2  
  110  27:50  SCV  
  115  27:53  Planetary Fortress  
  114  27:59  SCV x2  
  114  28:01  Command Center  
  114  28:03  Ghost  
  118  28:41  Starport  
  118  28:42  Nuke, Starport  
  118  28:43  Nuke  
  118  28:44  Starport  
  118  28:45  Starport  
  118  28:49  Starport  
  118  29:06  Banshee x4  
  118  29:09  SCV x5  
  137  29:14  Planetary Fortress  
  137  29:17  Planetary Fortress  
  135  29:20  Missile Turret  
  135  29:21  SCV x2  
  135  29:22  Orbital Command  
  137  29:27  Barracks  
  137  29:28  Barracks x2  
  137  29:30  Planetary Fortress  
  137  29:31  Barracks  
  137  29:32  Missile Turret  
  137  29:35  Barracks  
  137  29:40  Missile Turret  
  137  29:43  Starport Tech Lab x2, Starport Reactor  
  137  29:44  Starport Tech Lab  
  137  29:45  Starport Reactor  
  137  29:47  SCV  
  137  29:48  SCV  
  137  29:49  Banshee x3  
  137  29:50  SCV x2  
  137  29:51  SCV, Missile Turret  
  151  30:00  SCV x3  
  151  30:01  SCV  
  151  30:02  SCV x2  
  157  30:21  Command Center  
  157  30:22  Viking x2  
  157  30:23  Viking x4  
  157  30:24  Banshee x2  
  157  30:25  SCV  
  176  30:44  Command Center  
  176  30:52  Ghost  
  176  30:53  Barracks Tech Lab  
  176  30:54  Barracks Tech Lab x3  
  178  30:58  Armory  
  178  30:59  Armory  
  178  31:01  Engineering Bay  
  178  31:08  SCV x4  
  182  31:22  Ghost x2  
  182  31:23  Ghost x3  
  192  31:26  Missile Turret  
  192  31:27  Engineering Bay, SCV x3, Missile Turret  
  195  31:36  Command Center  
  195  31:38  SCV  
  196  31:50  Ghost, SCV  
  199  32:02  SCV  
  200  32:08  Refinery  
  200  32:16  Command Center  
  200  32:20  Refinery  
  200  33:37  Command Center  
  200  33:48  Command Center  
  200  33:50  Command Center x2  
  200  33:52  Command Center  
  200  34:06  Orbital Command  
Tags
 
League
Diamond
Matchup
TvT
Race
Terran
Add a new tag
Caveats
  • Supply blocks, unpowered buildings, or Contaminate may cause inaccurate times.
  • Supply counts are checked every 10 seconds.